 Dungeon Crawl Stone Soup version 0.31-a0-931-g7b59d4eb97 (webtiles) character file.

Game seed: 2817289879575875827

72 BinkBink the Chopper (level 4, -1/41 HPs)
             Began as a Minotaur Monk on Oct 19, 2023.
             Was an Initiate of Gozag.
             Slain by a gnoll
             ... wielding a +0 flail
              (7 damage)
             ... on level 3 of the Dungeon.
             The game lasted 00:01:31 (1666 turns).

BinkBink the Chopper (Minotaur Monk)                Turns: 1666, Time: 00:01:32

Health: -1/41      AC:  2    Str: 17    XL:     4   Next: 6%
Magic:  3/3        EV: 13    Int:  7    God:    Gozag
Gold:   332        SH:  0    Dex: 13    Spells: 3/3 levels left

rFire   . . .        a - +0 hand axe
rCold   . . .        d - orb {light}
rNeg    . . .        b - +0 robe
rPois   .            (helmet restricted)
rElec   .            (no cloak)
rCorr   .            (no gloves)
SInv    .            (no boots)
Will    .....        (no amulet)
Stlth   +            (no ring)
HPRegen 0.26/turn    (no ring)
MPRegen 0.08/turn

%: no passive effects
@: glowing
A: horns 2, retaliatory headbutt
a: Renounce Religion, Potion Petition, Call Merchant, Bribe Branch


You were on level 3 of the Dungeon.
You worshipped Gozag.
Gozag was aware of your devotion.
You visited 1 branch of the dungeon, and saw 3 of its levels.

You collected 332 gold pieces.

Inventory:

Hand Weapons
 a - a +0 hand axe (weapon)
Armour
 b - a +0 robe (worn)
 d - an orb of light (worn)
Scrolls
 e - a scroll of revelation {unknown}
 f - a scroll of identify {unknown}
 g - a scroll of blinking {unknown}
Potions
 c - a potion of ambrosia


   Skills:
 + Level 4.3 Fighting
 * Level 4.9 Axes
 + Level 3.9 Dodging


You had 3 spell levels left.
You didn't know any spells.
Your spell library was empty.

Dungeon Overview and Level Annotations

Branches:
Dungeon (3/15)

Altars:
Gozag


Innate Abilities, Weirdness & Mutations

You have a pair of horns on your head.
You reflexively headbutt those who attack you in melee.


Message History

You barely miss the rat. Your headbutt misses the rat.
The rat barely misses you.
You hit the rat but do no damage. The rat bites you.
You slash the rat!
You kill the rat!
No target in view!
No target in view!
You now have 332 gold pieces (gained 5).
g - a scroll labelled IJISMI YPHA A gnoll comes into view.
It is wielding a +0 halberd.
The gnoll shouts!
You hear a shout!
A gnoll comes into view. It is wielding a +0 halberd.
A gnoll comes into view. It is wielding a +0 flail.
There are monsters nearby!
There are monsters nearby!
There are monsters nearby!
A gnoll comes into view. It is wielding a +0 flail.
The gnoll shouts! x3
An endoplasm comes into view.
The endoplasm quivers.
The gnoll hits you from afar with a +0 halberd!
The gnoll barely misses you.
You barely miss the gnoll.
You headbutt the gnoll, but do no damage.
You slash the gnoll! Your headbutt misses the gnoll.
The gnoll is severely wounded.
You hit the gnoll. The gnoll hits you with a +0 halberd!
The gnoll hits you with a +0 flail!
* * * LOW HITPOINT WARNING * * *
You are too injured to fight recklessly!
You are too injured to fight recklessly!
Unknown command.
The endoplasm freezes you.
You are frozen.
* * * LOW HITPOINT WARNING * * *
The gnoll closely misses you. The gnoll completely misses you.
The endoplasm misses you. The gnoll hits you with a +0 flail!
You die...
Your body crumbles into a pile of gold.

##### ....#
###.###########
.........(....#
###.#########.#
#.....#<..#.#
#####.###.#.#
#.###.#.#######
#.....#...@gg.#
#######...##.gg....#
#...#...######
##..#..## ...#..#
.#.....# #.#####.# #
..#


You could see 4 gnolls.

Vanquished Creatures
  3 adders (D:2)
  4 endoplasms
  3 giant cockroaches
  2 goblins
  6 hobgoblins
  4 jackals (D:3)
  5 kobolds
  5 ball pythons
  4 bats
  2 frilled lizards (D:2)
  2 rats
40 creatures vanquished.

Notes
Turn   | Place    | Note
-------+----------+-------------------------------------------
     0 | D:1      | BinkBink the Minotaur Monk began the quest for the Orb.
     0 | D:1      | Reached XP level 1. HP: 19/19 MP: 0/0
    54 | D:1      | Found a faded altar of an unknown god.
   113 | D:1      | Prayed at the altar of an unknown god.
   113 | D:1      | Became a worshipper of Gozag Ym Sagoz the Greedy
   218 | D:1      | Reached XP level 2. HP: 24/27 MP: 1/1
   986 | D:2      | Reached XP level 3. HP: 31/33 MP: 2/2
  1552 | D:3      | Reached XP level 4. HP: 38/40 MP: 3/3
  1666 | D:3      | Slain by a gnoll

Illustrated notes

Levels and vault maps discovered:
D:1:      grunt_arrival_crossed_arrows, layout_loops_ring,
          ebering_ecumenical_altar_hall, chequers_serial_rivers_small_a
D:2:      layout_rooms
D:3:      layout_basic

Skill      XL: |  1  2 |
---------------+-------+-----
Axes           | 4 |  4.9
Fighting       | 4 |  4.3
Dodging        | |  3.9

Action                     |  1- 3 |  4- 6 || total
---------------------------+-------+-------++-------
  Melee: Hand axe          |    71 |    15 ||    86
         Headbutt          |    12 |     1 ||    13
   Stab: Distracted        |     1 |     1 ||     2
 Armour: Robe              |    32 |    12 ||    44
  Dodge: Dodged            |    48 |    12 ||    60

Table legend: (Time is in decaauts)
 A = Elapsed time spent in this place.
 B = Non-inter-level travel time spent in this place.
 C = Inter-level travel time spent in this place.
 D = Time resting spent in this place.
 E = Time spent auto-exploring this place.
 F = Levels seen in this place.
 G = Mean time per level.
                   A        B        C        D        E       F      G
               +--------+--------+--------+--------+--------+-----+--------+
         Total |   1674 |   1588 |     86 |    179 |   1192 |   3 |  558.0 |
       Dungeon |   1674 |   1588 |     86 |    179 |   1192 |   3 |  558.0 |
               +--------+--------+--------+--------+--------+-----+--------+

Top non-repeatable levels by time:
     D:2: 799 daAuts
     D:1: 751 daAuts
     D:3: 123 daAuts
